AoeStats
← Hendrix

Arabia

510074673Analyzed
1v1 RM · 2d ago on Sep 29, 2026· 28m 33s· 2 players
Game mode
Random Map
Map size
Tiny (2 player)
Population
200
Speed
Normal
Resources
Standard
Victory
Conquest
Starting age
Dark Age
Ending age
Imperial Age
RankedLock teamsTeams togetherTeam positionsShared explorationLock speedFull tech treeHidden civsTurbo modeCheats
Victory
Defeat
🇳🇴 Persians · Norway
517
+13
🇸🇮 Huns · Slovenia
456
-13
sammy.adware
2:05 Loom
10:05 Feudal Age
10:37 Double-Bit Axe
17:32 Wheelbarrow
19:16 Horse Collar
24:25 Castle Age
24:28 Man-at-Arms
25:37 Hand Cart
25:30 Husbandry
Hendrix
10:09 Loom
12:45 Feudal Age
13:05 Double-Bit Axe
13:02 Horse Collar
14:42 Arson
16:16 Man-at-Arms
17:48 Wheelbarrow
18:12 Scale Mail Armor
18:23 Forging
19:32 Bloodlines
24:58 Castle Age
28:06 Scale Barding Armor
Connection lost

Rejoining the realm…

Still unreachable

The connection could not be restored.

Session expired

The server has moved on; the page needs a fresh start.